 Dungeon Crawl Stone Soup version 0.13.0-3-g966e3ec (webtiles) character file.

188 MackTheKnife the Cudgeler (level 4, -1/38 HPs)
             Began as a Minotaur Gladiator on Oct 13, 2013.
             Killed by divine providence
             ... invoked by an orc priest
              (12 damage)
             ... on Level 3 of the Dungeon.
             The game lasted 00:03:08 (1771 turns).

MackTheKnife the Cudgeler (Minotaur Gladiator)      Turns: 1771, Time: 00:03:09

HP  -1/38        AC 13     Str 20      XL: 4   Next: 31%
MP   1/1         EV  3     Int  5      God:
Gold 99          SH  6     Dex 11      Spells:  0 memorised,  3 levels left

Res.Fire  : . . .   See Invis. : .   g - +0 flail
Res.Cold  : . . .   Warding    : .   k - +0 plate armour
Life Prot.: . . .   Conserve   : .   o - +0 buckler
Res.Poison: .       Res.Corr.  : .   c - +0 cap
Res.Elec. : .       Clarity    : .   (no cloak)
Sust.Abil.: . .     Spirit.Shd : .   p - +0 pair of orc gauntlets
Res.Mut.  : .       Stasis     : .   m - +1 pair of dwarf boots
Res.Rott. : .       Flight     : .   (no amulet)
Saprovore : . . .                    (no ring)
                                     (no ring)

@: slightly resistant to hostile enchantments, extremely unstealthy
A: retaliatory headbutt, horns 2
a: no special abilities


You were on level 3 of the Dungeon.
You were not hungry.

You visited 1 branch of the dungeon, and saw 3 of its levels.

You collected 79 gold pieces.

Inventory:

Hand weapons
 g - a +0,+0 flail (weapon)
Missiles
 d - 3 throwing nets (quivered)
Armour
 c - a +0 cap (worn)
 k - a +0 plate armour (worn)
 m - a +1 pair of dwarven boots (worn)
 o - a +0 buckler (worn)
 p - a +0 pair of orcish gauntlets (worn)
Comestibles
 f - 2 bread rations
 s - 2 chunks of hobgoblin flesh
Scrolls
 a - a scroll of fog {unknown}
 i - a scroll of remove curse {unknown}
 j - a scroll of enchant weapon II {unknown}
 l - a scroll of curse weapon {unknown}
 q - 2 scrolls of fear {unknown}
 r - 2 scrolls of amnesia {unknown}
Potions
 b - a potion of degeneration {unknown}
 e - 2 potions of heal wounds {unknown}
 h - a potion of curing {unknown}
 n - 2 potions of cure mutation {unknown}


   Skills:
 - Level 2.4 Fighting
 + Level 6.2 Maces & Flails
 - Level 2.0 Throwing
 - Level 3.2 Dodging


You had 3 spell levels left.
You didn't know any spells.

Dungeon Overview and Level Annotations

Branches:
Dungeon (3/27)

Altars:


Innate Abilities, Weirdness & Mutations

You reflexively headbutt those who attack you in melee.
You have a pair of horns on your head.


Message History

The orc wizard drinks a potion.
The orc wizard is healed!
Unknown command.
Your shield and plate armour prevent you from hitting the orc wizard.
The orc wizard is moderately wounded.
The orc hits you but does no damage.
The orc wizard gestures at you while chanting.
The puff of flame hits you!
You closely miss the orc wizard.
The orc wizard is moderately wounded.
The orc wizard hits you with an orcish dagger.
The orc hits you with an orcish flail.
The orc priest utters an invocation to Beogh.
You feel a wave of unholy energy pass over you.
You closely miss the orc wizard.
The orc wizard is moderately wounded.
You block the orc wizard's attack. The orc hits you with an orcish flail.
* * * LOW HITPOINT WARNING * * *
The orc priest invokes the aid of Beogh against you.
Something smites you!
You die...

..###...###.######
#.##.###.........#
#.#.#...#.#.####.# ....#.<.#.#
#.# #.#.#...#.. #.#
#.##.###.#######.###
..##....## #....o..#
#####.#### #.###o#.# .
####.....###.# #@#.# ...
.............###o#.######....
#.##.....#......o..##.........
#.##.......#.......o.o.oo.....
#.##.....####.#.#####..o......
..##.....####.#.# ####.....
####..........#.# ##..
########.######.# . #.......#
#.#


You could see an orc priest, an orc wizard and 2 orcs.

Vanquished Creatures
  A gnoll (D:1)
  3 adders (D:2)
  An inept feature mimic (D:2)
  2 giant geckos (D:1)
  2 giant cockroaches
  4 goblins
  11 hobgoblins
  A ball python (D:1)
  6 bats
  2 giant newts
  3 jackals (D:2)
  6 kobolds
  3 rats (D:1)
45 creatures vanquished.

Notes
Turn   | Place    | Note
--------------------------------------------------------------
     0 | D:1      | MackTheKnife, the Minotaur Gladiator, began the quest for the Orb.
     0 | D:1      | Reached XP level 1. HP: 18/18 MP: 0/0
    13 | D:1      | Reached skill level 4 in Maces & Flails
   245 | D:1      | Reached XP level 2. HP: 23/25 MP: 0/0
   336 | D:1      | Reached skill level 5 in Maces & Flails
   535 | D:1      | Reached XP level 3. HP: 30/30 MP: 1/1
  1433 | D:2      | Reached skill level 6 in Maces & Flails
  1433 | D:2      | Reached XP level 4. HP: 36/38 MP: 1/1
  1771 | D:3      | Killed from afar by an orc priest

Action                   |  1- 3 |  4- 6 || total
-------------------------+-------+-------++-------
Melee: Mace              |    19 |       ||    19
       Flail             |    48 |    27 ||    75
